 Dungeon Crawl Stone Soup version 0.29.1-15-g9cfb28693d (webtiles) character file.

Game seed: 13485886843494740040

50405 javelincjr the Warrior (level 14, -38/114 HPs)
             Began as a Djinni Conjurer on Mar 8, 2023.
             Was an Elder of Hepliaklqana.
             Killed from afar by an Ice Fiend (78 damage)
             ... with a bolt of cold
             ... in an ice cave.
             The game lasted 01:45:10 (21952 turns).

javelincjr the Warrior (Djinni Conjurer)           Turns: 21952, Time: 01:45:10

Health: -38/114    AC: 13    Str: 10    XL:     14   Next: 97%
Gold:   1752       EV: 15    Int: 26    God:    Hepliaklqana [****..] SH:  3 Dex: 13

rFire   + + .      SeeInvis .   K - staff of conjuration
rCold   x . .      Faith    .   h - +0 buckler
rNeg    . . .      Spirit   .   B - +0 troll leather armour
rPois   ∞          Reflect  .   E - +2 helmet
rElec   .          Harm     .   G - +0 cloak
rCorr   +          Rampage  .   M - +2 pair of gloves
Will    +....                   (boots unavailable)
Stlth   ++++......              C - amulet of the acrobat
HPRegen 1.09/turn               U - ring "Kaaho" {rPois rCorr Int+6}
MPRegen 0.00/turn               o - ring of wizardry

@: flying, studying 2 skills
A: reduced essence, sickness immunity, fire resistance 2, cold vulnerability 1,
float, innate caster, HP casting, extra vitality 1, robust 1, wild magic 1
a: Renounce Religion, Recall Ancestor, Ancestor Identity, Transference, Idealise


You were in an ice cave.
You worshipped Hepliaklqana.
Hepliaklqana was greatly pleased with you.
You visited 3 branches of the dungeon, and saw 17 of its levels.
You also visited: Ice Cave.

You collected 1752 gold pieces.

Inventory:

Hand Weapons
 d - the +5 hand axe of Karma {vamp, *Noise Str+7 SInv}
   (You found it on level 11 of the Dungeon)

   It occasionally heals its wielder for a portion of the damage dealt when it
   wounds a living foe.
   Str:       It affects your strength (+7).
   SInv:      It lets you see invisible.
   *Noise:    It may make noises in combat.
 T - the +11 lajatang "Eshooh" {vorpal, Dex+4}
   (You found it on level 10 of the Dungeon)

   It inflicts extra damage upon your enemies.
   Dex:       It affects your dexterity (+4).
 V - a +1 vampiric dagger
Armour
 h - a +0 buckler (worn)
 B - a +0 troll leather armour (worn)
 E - a +2 helmet (worn)
 G - a +0 cloak (worn)
 M - a +2 pair of gloves (worn)
Magical Staves
 K - a staff of conjuration (weapon)
Jewellery
 o - a ring of wizardry (right hand)
 C - an amulet of the acrobat (around neck)
 H - a ring of see invisible
 U - the ring "Kaaho" (left hand) {rPois rCorr Int+6}
   (You found it on level 10 of the Dungeon)

   [ring of intelligence]

   Int:       It affects your intelligence (+6).
   rPois:     It protects you from poison.
   rCorr:     It protects you from acid and corrosion.
Wands
 l - a wand of polymorph (4)
 w - a wand of mindburst (10)
 L - a wand of flame (23)
 R - a wand of paralysis (21)
 S - a wand of roots (10)
Scrolls
 b - 9 scrolls of teleportation
 f - 3 scrolls of enchant weapon
 g - 3 scrolls of poison
 m - 2 scrolls of magic mapping
 u - 2 scrolls of fog
 x - 2 scrolls of fear
 z - a scroll of immolation {unknown}
 A - 2 scrolls of silence
Potions
 c - 5 potions of curing
 e - a potion of cancellation
 n - 2 potions of resistance
 p - 2 potions of heal wounds
 r - a potion of invisibility {unknown}
 s - a potion of brilliance {unknown}
 D - 2 potions of attraction {unknown}
 Y - a potion of ambrosia {unknown}
 Z - 2 potions of lignification {unknown}
Miscellaneous
 N - a tin of tremorstones (2/2)
 O - a lightning rod (4/4)
 X - a phial of floods


   Skills:
 * Level 15.4 Fighting
 + Level 9.4 Armour
 + Level 10.7 Dodging
 + Level 8.9 Stealth
 * Level 12.0 Spellcasting
 + Level 4.4 Invocations


You had 4 spell levels left.
You knew the following spells:

 Your Spells              Type           Power      Damage    Failure   Level
a - Magic Dart            Conj           100%       1d8       1%          1
b - Searing Ray           Conj           100%       2d8       1%          2
c - Dazzling Flash        Conj/Hex       100%       N/A       1%          3
d - Fulminant Prism       Conj/Hex       50%        3d23      1%          4
e - Iskenderun's Mystic   Conj/Tloc      100%       2d19      1%          4
f - Freeze                Ice            100%       1d11      1%          1
g - Call Imp              Summ           80%        N/A       1%          2
h - Passwall              Tmut/Erth      66%        N/A       1%          2
i - Summon Ice Beast      Ice/Summ       80%        N/A       1%          4
j - Iskenderun's Battles  Conj           100%       2d15      1%          5
k - Yara's Violent Unrav  Hex/Tmut       40%        3d16      1%          5
Your spell library was empty.

Dungeon Overview and Level Annotations

Branches:
Dungeon (15/15)            Temple (1/1) D:5            Lair (0/5) D:11
    Orc (0/2) D:10         Vaults (0/5) D:13         Depths (1/4) D:15
  IceCv (1/1)

Altars:
Ashenzari
Cheibriados
Dithmenos
Elyvilon
Fedhas
Gozag
Hepliaklqana
Makhleb
Nemelex Xobeh
Okawaru
Qazlal
Ru
Trog
Uskayaw
Wu Jian
Xom
Yredelemnul
Zin
The Shining One

Shops:
D:4 (


Innate Abilities, Weirdness & Mutations

Your life essence is reduced to manifest your ancestor. (-10% HP)
You are immune to sickness and miasma.
You are immune to poison.
Your flesh is very heat resistant. (rF++)
You are vulnerable to cold. (rC-)
You float through the air rather than walking.
You learn spells naturally, not from books.
Your magical power is your life essence.
You have superior vitality. (+4 MHP)
You are robust. (+10% HP)
Your spells are a little harder to cast, but a little more powerful.


Message History

Your body is wracked with pain!
* * * LOW HITPOINT WARNING * * *
Amenemopet hits the Ice Fiend with a +0 flail!
Casting: Magic Dart (safe; 1% risk of failure)
Confirm with . or Enter, or press ? or * to list all spells.
You feel a surge of power!
You erupt in a blast of force!
The mystic blast hits the harpy simulacrum!!
The harpy simulacrum is almost destroyed.
The harpy simulacrum is knocked back by the mystic blast.
The harpy simulacrum slams into the ice covered rock wall!
The harpy simulacrum vaporises!
* * * LOW HITPOINT WARNING * * *
You fail to use your ability.
A harpy simulacrum comes into view.
Something claws Amenemopet but does no damage.
Amenemopet blocks something's attack.
Casting: Iskenderun's Mystic Blast (mildly dangerous; 1% risk of failure)
Confirm with . or Enter, or press ? or * to list all spells.
Aiming: Magic Dart (safe; 1% risk of failure)
Press: ? - help, Shift-Dir - straight line, f - harpy simulacrum
Aim: a harpy simulacrum (100% to hit)
You feel a surge of power! Amenemopet avoids your attack.
The magic dart hits the harpy simulacrum.
The harpy simulacrum is moderately damaged.
* * * LOW HITPOINT WARNING * * *
Amenemopet blocks the harpy simulacrum's attack.
The harpy simulacrum claws Amenemopet.
The harpy simulacrum freezes Amenemopet!
Amenemopet resists.
Amenemopet blocks the harpy simulacrum's attack.
The harpy simulacrum claws Amenemopet.
The harpy simulacrum freezes Amenemopet!
Amenemopet resists.
Your battlesphere fires!
The barrage of energy hits the harpy simulacrum!
The harpy simulacrum vaporises!
You feel much better. The Ice Fiend gestures at you.
The bolt of cold hits you!!!!
You feel a terrible chill!
Ouch! That really hurt!
You die...

###. ...... ..# ..... ..#
# #1#.. #○.#° #.##.#.○.☼
..# ##○.#....# ..#
#..1##..# ##.. #..R....#
#..## #....*@## ##...#
##...°.# #...# ##...##
##..## ###○○###....##
##○☼##.....## ####
#.○##.......#
##..#######.§###......#
##....##..##...#.†.....#
#..........###§........##


You could see the friendly Amenemopet the knight, an Ice Fiend (ally target) and
a friendly battlesphere.

Vanquished Creatures
  A stone giant (D:15)
  A fire dragon (D:15)
  2 ice dragons
  2 hydras
  3 boulder beetles
  3 centaur warriors
  2 dancing weapons (D:13)
  4 two-headed ogres
  3 tengu warriors
  Urug (D:10)
  Lodul (D:14)
  A bog body (IceCv)
  An obsidian statue (IceCv)
  An orange crystal statue (IceCv)
  5 spriggan simulacra (IceCv)
  A shining eye (shapeshifter) (D:14)
  2 deep elf pyromancers (D:13)
  2 cyclopes
  9 ugly things
  4 manticores
  4 centaur zombies (D:10)
  A gargoyle (D:13)
  2 unseen horrors (D:11)
  An anaconda simulacrum (IceCv)
  3 ice devils (IceCv)
  4 freezing wraiths (IceCv)
  6 trolls
  A hornet (shapeshifter) (D:15)
  A blink frog (shapeshifter) (D:14)
  8 slime creatures
  4 wyverns
  A dire elephant simulacrum (IceCv)
  2 wraiths
  A shadow (D:11)
  A water elemental (D:15)
  5 yaks
  A human (shapeshifter) (D:14)
  4 vampire mosquitoes
  2 minotaur simulacra (IceCv)
  2 steam dragons (D:8)
  3 harpy simulacra (IceCv)
  3 acid dragons
  A water moccasin (D:8)
  A hydra simulacrum (IceCv)
  A swamp drake (D:11)
  2 black bears
  8 orc warriors
  2 sky beasts (D:8)
  2 ice beasts
  10 ogres
  4 boggarts (D:14)
  7 centaurs
  3 phantoms
  A kobold brigand (D:8)
  A gnoll sergeant (D:12)
  4 bullfrogs
  2 necrophages
  3 scorpions
  2 deep troll simulacra (IceCv)
  11 wights
  7 killer bees
  An electric eel (D:7)
  8 howler monkeys
  3 crimson imps (D:10)
  2 jellies
  5 orc priests
  7 hounds
  2 gnoll boudas (D:6)
  2 iguanas (D:9)
  14 orc wizards
  Terence (D:2)
  A howler monkey zombie (D:10)
  17 gnolls
  4 adders
  A white imp (D:8)
  An ufetubus (D:7)
  A worm (D:2)
  3 dart slugs
  44 orcs
  5 bats
  6 endoplasms
  A giant cockroach (D:1)
  7 hobgoblins
  16 jackals
  3 quokkas
  7 ball pythons
  7 frilled lizards
  4 goblins
  5 kobolds
  7 rats
  A bush (D:7)
  A fulminant prism (D:14)
368 creatures vanquished.

Vanquished Creatures (collateral kills)
  Fannar (D:12)
  A hydra (D:13)
  A tengu warrior (D:14)
  4 ugly things
  5 centaur zombies (D:10)
  An unseen horror (D:13)
  2 komodo dragons (D:11)
  2 slime creatures (D:12)
  A yak (D:11)
  A wraith (D:10)
  A wyvern (D:11)
  A basilisk (D:8)
  A vampire mosquito (D:14)
  An acid dragon (D:11)
  A water moccasin (D:7)
  2 ogres (D:14)
  A gnoll sergeant (D:11)
  A killer bee (D:10)
  A howler monkey (D:12)
  A crimson imp (D:10)
  A gnoll bouda (D:8)
  2 orc priests (D:10)
  An iguana (D:6)
  An orc wizard (D:12)
  A howler monkey zombie (D:10)
  A gnoll (D:11)
  A shadow imp (D:8)
  6 orcs
44 creatures vanquished.

Vanquished Creatures (others)
  An ancestor (D:8)
  9 knights
  106 fulminant prisms
  4 fungi
  46 plants
  4 toadstools (D:7)
170 creatures vanquished.

Grand Total: 582 creatures vanquished

Notes
Turn   | Place    | Note
-------+----------+-------------------------------------------
     0 | D:1      | javelincjr the Djinni Conjurer began the quest for the Orb.
     0 | D:1      | javelincjr set off with the following spells memorised:
                  | Magic Dart, Searing Ray, Dazzling Flash, Fulminant Prism,
                  | Iskenderun's Mystic Blast.
     0 | D:1      | Reached XP level 1. HP: 15/15 MP: 0/0
   269 | D:1      | Reached XP level 2. HP: 14/21 MP: 0/0
   643 | D:1      | Found a faded altar of an unknown god.
  1033 | D:1      | Reached skill level 1 in Fighting
  1033 | D:1      | Reached XP level 3. HP: 24/27 MP: 0/0
  1033 | D:1      | Learned a level 1 spell: Freeze
  2066 | D:2      | Noticed Terence
  2073 | D:2      | Killed Terence
  2074 | D:2      | Reached skill level 1 in Armour
  2074 | D:2      | Reached XP level 4. HP: 26/33 MP: 0/0
  2386 | D:2      | Reached skill level 2 in Fighting
  2485 | D:2      | Reached XP level 5. HP: 21/38 MP: 0/0
  2485 | D:2      | Learned a level 2 spell: Call Imp
  3315 | D:3      | Found an iron altar of Okawaru.
  3581 | D:3      | Gained mutation: You have a pair of small horns on your
                  | head. [potion of mutation]
  3581 | D:3      | Gained mutation: You are agile. (Dex +4, Str/Int -1)
                  | [potion of mutation]
  4277 | D:4      | Noticed a black bear
  4284 | D:4      | Killed a black bear
  4285 | D:4      | Reached XP level 6. HP: 34/45 MP: 0/0
  4314 | D:4      | Reached skill level 3 in Fighting
  4504 | D:4      | Found Regg's Weapon Boutique.
  4833 | D:4      | Reached XP level 7. HP: 32/50 MP: 0/0
  4833 | D:4      | Learned a level 2 spell: Passwall
  5386 | D:5      | Entered Level 5 of the Dungeon
  5594 | D:5      | Found a shimmering altar of Xom.
  5599 | D:5      | Reached skill level 4 in Fighting
  5705 | D:5      | Reached XP level 8. HP: 49/58 MP: 0/0
  5752 | D:5      | Found a staircase to the Ecumenical Temple.
  5763 | Temple   | Entered the Ecumenical Temple
  5770 | Temple   | Became a worshipper of Hepliaklqana the Forgotten
  6050 | D:5      | Reached skill level 5 in Spellcasting
  6340 | D:5      | Found an opulent altar of Gozag.
  6683 | D:5      | Reached skill level 5 in Fighting
  6971 | D:6      | Reached XP level 9. HP: 42/65 MP: 0/0
  6971 | D:6      | Learned a level 4 spell: Summon Ice Beast
  7207 | D:6      | Reached skill level 5 in Dodging
  7434 | D:6      | Reached skill level 6 in Fighting
  7707 | D:6      | Reached * piety under Hepliaklqana
  8276 | D:6      | Lost mutation: You have a pair of small horns on your head.
                  | [potion of mutation]
  8276 | D:6      | Lost mutation: You are agile. (Dex +4, Str/Int -1) [potion
                  | of mutation]
  8276 | D:6      | Gained mutation: Your mind is acute. (Int +4, Str/Dex -1)
                  | [potion of mutation]
  8276 | D:6      | Gained mutation: Your muscles are strong. (Str +4, Int/Dex
                  | -1) [potion of mutation]
  9055 | D:7      | Found a burning altar of Makhleb.
  9413 | D:7      | You are sucked into a shaft and drop 2 floors!
  9490 | D:9      | Reached ** piety under Hepliaklqana
  9510 | D:9      | Found a sparkling altar of Nemelex Xobeh.
  9670 | D:9      | Reached XP level 10. HP: 40/65 MP: 0/0
  9920 | D:9      | Reached skill level 7 in Fighting
 10053 | D:9      | Found a bloodstained altar of Trog.
 10329 | D:8      | Reached skill level 5 in Armour
 10329 | D:8      | Reached skill level 5 in Stealth
 10445 | D:8      | Identified the ring of Loluth {rC+ Dex+2}
 10446 | D:8      | Noticed a two-headed ogre
 10698 | D:8      | Noticed a manticore
 10710 | D:8      | Noticed a centaur warrior
 11060 | D:8      | Killed a two-headed ogre
 11242 | D:8      | Reached skill level 8 in Fighting
 11962 | D:8      | Reached XP level 11. HP: 54/72 MP: 0/0
 11962 | D:8      | Learned a level 5 spell: Iskenderun's Battlesphere
 11966 | D:8      | Found a broken altar of Ashenzari.
 11971 | D:8      | Killed a manticore
 11992 | D:8      | Noticed a cyan ugly thing
 12086 | D:8      | Killed a cyan ugly thing
 12413 | D:8      | Killed a centaur warrior
 12414 | D:8      | Reached skill level 9 in Fighting
 12735 | D:8      | Noticed a white ugly thing
 12743 | D:8      | Killed a white ugly thing
 12881 | D:8      | Identified the +6 rapier of Uncertain Death {holy, rCorr}
 13449 | D:7      | Remembered your ancestor Amenemopet as a knight
 13512 | D:10     | Entered Level 10 of the Dungeon
 13512 | D:10     | Found a blossoming altar of Fedhas.
 13512 | D:10     | Found a stormy altar of Qazlal.
 13525 | D:10     | Identified the +11 lajatang "Eshooh" {vorpal, Dex+4}
 13545 | D:10     | Identified the ring "Kaaho" {rPois rCorr Int+6}
 13703 | D:10     | Found a sacrificial altar of Ru.
 13868 | D:10     | Found a basalt altar of Yredelemnul.
 14008 | D:10     | Noticed Urug
 14016 | D:10     | Noticed a two-headed ogre
 14023 | D:10     | Killed a two-headed ogre
 14023 | D:10     | Killed Urug
 14024 | D:10     | Reached XP level 12. HP: 23/81 MP: 0/0
 14491 | D:10     | Reached skill level 10 in Fighting
 14632 | D:10     | Found a shimmering altar of Xom.
 15072 | D:10     | Found a staircase to the Orcish Mines.
 15299 | D:11     | Reached *** piety under Hepliaklqana
 15348 | D:11     | Noticed a two-headed ogre
 15352 | D:11     | Killed a two-headed ogre
 15856 | D:11     | Identified a scroll of acquirement
 15857 | D:11     | Acquired a manual of Fighting
 15872 | D:11     | Lost mutation: Your mind is acute. (Int +4, Str/Dex -1)
                  | [potion of mutation]
 15872 | D:11     | Lost mutation: Your muscles are strong. (Str +4, Int/Dex
                  | -1) [potion of mutation]
 15872 | D:11     | Gained mutation: You are occasionally teleported next to
                  | monsters. [potion of mutation]
 15873 | D:11     | Lost mutation: You are occasionally teleported next to
                  | monsters. [potion of mutation]
 15873 | D:11     | Gained mutation: You occasionally shout uncontrollably at
                  | your foes. [potion of mutation]
 15874 | D:11     | Lost mutation: You occasionally shout uncontrollably at
                  | your foes. [potion of mutation]
 15874 | D:11     | Gained mutation: Your spells are a little harder to cast,
                  | but a little more powerful. [potion of mutation]
 15874 | D:11     | Gained mutation: You are robust. (+10% HP) [potion of
                  | mutation]
 16028 | D:11     | Identified the +5 hand axe of Karma {vamp, *Noise Str+7
                  | SInv}
 16272 | D:11     | Found a staircase to the Lair.
 16574 | D:11     | Noticed an ice dragon
 16582 | D:11     | Killed an ice dragon
 16583 | D:11     | Reached skill level 11 in Fighting
 16824 | D:12     | Noticed a boulder beetle
 16839 | D:12     | Killed a boulder beetle
 17031 | D:12     | Noticed Fannar
 17041 | D:12     | Killed Fannar
 17211 | D:12     | Noticed a two-headed ogre
 17217 | D:12     | Killed a two-headed ogre
 17218 | D:12     | Reached XP level 13. HP: 88/99 MP: 0/0
 17218 | D:12     | Learned a level 5 spell: Yara's Violent Unravelling
 17765 | D:12     | Reached skill level 12 in Fighting
 18120 | D:13     | Noticed a six-headed hydra
 18128 | D:13     | Killed a six-headed hydra
 18256 | D:13     | Noticed a boulder beetle
 18261 | D:13     | Killed a boulder beetle
 18369 | D:13     | Acquired a manual of Spellcasting
 18572 | D:13     | Reached **** piety under Hepliaklqana
 18790 | D:13     | Reached skill level 1 in Invocations
 18813 | D:13     | Reached skill level 10 in Spellcasting
 19066 | D:13     | Reached skill level 13 in Fighting
 19168 | D:13     | Found a gate to the Vaults.
 19233 | D:13     | Noticed a boulder beetle
 19239 | D:13     | Killed a boulder beetle
 19734 | D:14     | Noticed a four-headed hydra
 19738 | D:14     | Killed a four-headed hydra
 20056 | D:14     | Reached XP level 14. HP: 107/110 MP: 0/0
 20065 | D:14     | Reached skill level 10 in Dodging
 20159 | D:14     | Reached skill level 14 in Fighting
 20925 | D:14     | Noticed Lodul
 20944 | D:14     | Killed Lodul
 21061 | D:14     | Found a sacrificial altar of Ru.
 21102 | D:15     | Entered Level 15 of the Dungeon
 21209 | D:15     | Found a staircase to the Depths.
 21210 | D:15     | Noticed a stone giant
 21219 | D:15     | Killed a stone giant
 21224 | Depths:1 | Entered Level 1 of the Depths
 21482 | D:15     | Found a frozen archway.
 21524 | IceCv    | Entered an ice cave
 21561 | IceCv    | Reached skill level 15 in Fighting
 21941 | IceCv    | Noticed an Ice Fiend
 21952 | IceCv    | Killed from afar by an Ice Fiend

Illustrated notes

Levels and vault maps discovered:
D:1:      psy_arrival_whirlpool, layout_basic, shapermc_ecumenical_altar_venn,
          serial_corexii_hall, chequers_hall_statues_y, chequers_hall_statues_y,
          corexii_hall_statues_i, corexii_hall_statues_u
D:2:      minmay_inner_zag, layout_rooms, uniq_terence
D:3:      layout_basic, mainiacjoe_overflow_paths, minmay_splitting_lines
D:4:      layout_loops_ring, serial_shops, shop_statue
D:5:      layout_basic, grunt_gozag_breadcrumbs, kiku_gazebo_pond_becter,
          minmay_temple_entry_purple_smoke, hex_intersection,
          minmay_ruined_shrine
D:6:      layout_basic, minmay_lizard_king
D:7:      layout_loops_cross, bloody_makhleb, kb_lookout_dungeons_type,
          minmay_gold_behind_fungi, fountainhead
D:8:      minmay_the_grid_octo_tiled_octocenter [minmay_the_grid_octo_checkered,
          minmay_the_grid_octo_77, minmay_the_grid_octo_vomiting_pacman,
          minmay_the_grid_octo_toaster,
          minmay_the_grid_octo_prize_ultimate_mussel_roller,
          minmay_the_grid_square_5x5_spiral,
          minmay_the_grid_square_5x5_hourglass, minmay_the_grid_square_5x5_mess,
          minmay_the_grid_square_5x5_intrusive_squares], layout_loops_ring
D:9:      layout_rooms, trog_butcher_becter, nemelex_altar_shiori
D:10:     layout_basic, grunt_temple_overflow_forces_of_nature,
          lemuel_round_altar, nicolae_yredelemnul_corpse_copse, led_xom_imps,
          david_orc_4, uniq_urug
D:11:     dragon1_lemuel, layout_long_grid, erik_lair_dragon,
          hangedman_decor_riveting
D:12:     layout_cave_pods, minmay_fractal_squares_gapless_5, uniq_fannar
D:13:     layout_irregular_city, erik_vaults_1
D:14:     layout_basic, nicolae_ru_the_path_less_chosen, uniq_lodul
D:15:     grunt_enter_depths_giant_problem, layout_small_grid, serial_bayou,
          serial_bayou_crossing, serial_bayou_pond_b, serial_bayou_ford_a,
          serial_bayou_lagoon_a, serial_shops, nicolae_shop_statue_plus,
          portal_ice_cave_entry_dragon, good_gods_temple_1, led_sif_book
Temple:   minmay_freezing_vapour_temple
Depths:1: layout_basic, hell_entry, chequers_hall_statues_y, grunt_ministairs_6,
          chequers_jeans, eino_small_chamber_without_monster,
          hangedman_decor_clover_reticule, minmay_fountain_box,
          minmay_misc_feat_four_crosses, kennysheep_okawaru_gauntlet,
          serial_bayou_shore_a
IceCv:    ice_cave_small_demon

Skill      XL: |  1  2  3  4  5  6  7  8  9 10 11 12 13 14 |
---------------+-------------------------------------------+-----
Fighting       | 1 2 3 4 5 6 8 9 11 13 15 | 15.4
Stealth        | 2 3 4 5 6 7 8 |  8.9
Armour         | 1 2 3 4 5 6 7 8 9 |  9.4
Dodging        | 3 4 5 6 8 9 10 | 10.7
Spellcasting   | 4 5 6 7 8 9 10 12 | 12.0
Invocations    | 2 4 |  4.4

Action                   |  1- 3 |  4- 6 |  7- 9 | 10-12 | 13-15 || total
-------------------------+-------+-------+-------+-------+-------++-------
Melee: Triple sword      |       |     1 |    26 |       |       ||    27
       Staff             |       |       |       |     1 |     3 ||     4
 Cast: Magic Dart        |    75 |    70 |   132 |   232 |   233 ||   742
       Freeze            |     1 |    16 |       |       |       ||    17
       Searing Ray       |     1 |     5 |     3 |     4 |       ||    13
       Fulminant Prism   |       |     5 |    13 |    48 |    42 ||   108
       Iskenderun's Myst |       |     4 |    41 |    80 |    54 ||   179
       Call Imp          |       |       |     1 |     4 |       ||     5
       Summon Ice Beast  |       |       |     1 |     2 |       ||     3
       Iskenderun's Batt |       |       |       |    18 |    24 ||    42
       Yara's Violent Un |       |       |       |       |    13 ||    13
Invok: Ancestor Life: Kn |       |       |       |     1 |       ||     1
  Use: Scroll            |       |     7 |     7 |     4 |     6 ||    24
       Potion            |       |     1 |     1 |     3 |     4 ||     9
Armor: Robe              |     2 |     3 |     3 |       |       ||     8
       Leather armour    |       |       |       |    17 |     4 ||    21
       Troll leather arm |       |       |       |       |    11 ||    11
Dodge: Dodged            |     5 |    14 |    30 |    38 |    25 ||   112
Block: Buckler           |       |       |       |       |     4 ||     4
